 Dungeon Crawl Stone Soup version 0.30-a0-313-gae38170b09 (webtiles) character file.

Game seed: 7833290558496535102

322 Kirkhe the Stinger (level 6, 0/44 HPs)
             Began as a Demonspawn Venom Mage on Oct 25, 2022.
             Slain by a gnoll
             ... wielding a +0 halberd
              (11 damage)
             ... on level 4 of the Dungeon.
             The game lasted 00:07:25 (2509 turns).

Kirkhe the Stinger (Demonspawn Venom Mage)          Turns: 2509, Time: 00:07:26

Health: 0/44       AC:  2    Str: 11    XL:     6   Next: 22%
Magic:  6/11       EV: 12    Int: 16    God:
Gold:   108        SH:  4    Dex: 13    Spells: 8/11 levels left

rFire   . . .      SeeInvis .    e - +2 rapier (venom)
rCold   . . .      Faith    .    (no shield)
rNeg    . . .      Spirit   .    a - +0 robe
rPois   .          Reflect  .    (no helmet)
rElec   .          Harm     .    (no cloak)
rCorr   .          Rampage  .    (no gloves)
Will    .....                    (no boots)
Stlth   ++........               (no amulet)
HPRegen 0.27/turn                (no ring)
MPRegen 0.12/turn                (no ring)

@: no status effects
A: condensation shield, weakness stinger 1, demonic touch 2
a: no special abilities


You were on level 4 of the Dungeon.
You visited 1 branch of the dungeon, and saw 4 of its levels.

You collected 108 gold pieces.

Inventory:

Hand Weapons
 c - a +0 dagger
 e - a +2 rapier of venom (weapon)
Armour
 a - a +0 robe (worn)
Scrolls
 f - 2 scrolls of silence
 g - a scroll of brand weapon {unknown}
 h - 3 scrolls of fear {unknown}
 k - a scroll of teleportation {unknown}
Potions
 b - 3 potions of magic
 d - a potion of cancellation
 i - a potion of curing
 j - a potion of attraction
 l - a potion of brilliance {unknown}
 m - a potion of berserk rage {unknown}
 n - a potion of haste {unknown}


   Skills:
 + Level 2.0 Fighting
 - Level 2.0 Dodging
 - Level 1.7 Stealth
 + Level 1.1 Shields
 + Level 3.4 Spellcasting
 + Level 2.2 Transmutations
 + Level 0.8 Air Magic
 + Level 4.6 Poison Magic


You had 8 spell levels left.
You knew the following spells:

 Your Spells              Type           Power      Damage    Failure   Level
a - Sting                 Tmut/Pois      52%        1d5       4%          1
b - Poisonous Vapours     Pois/Air       22%        N/A       9%          2

Your spell library contained the following spells:

 Spells                   Type           Power      Damage    Failure   Level
 Ignite Poison            Fire/Tmut/Pois 10%        N/A       22%         3
 Scorch                   Fire           4%         2d5       26%         2
 Mephitic Cloud           Conj/Pois/Air  8%         N/A       26%         3
 Olgreb's Toxic Radiance  Pois           17%        N/A       26%         4
 Kindle Blastsparks       Fire/Tloc/Air  6%         2d10      43%         3
 Flame Wave               Conj/Fire      2%         2d4       87%         4
 Freezing Cloud           Conj/Ice/Air   1%         6-21      99%         5
 Summon Cactus Giant      Summ           1%         N/A       100%        6


Dungeon Overview and Level Annotations

Branches:
Dungeon (4/15)
 Temple: D:4-7

Altars:
Dithmenos
Trog

Annotations:
D:3 1 exclusion


Innate Abilities, Weirdness & Mutations

A meltable shield of frost defends you. (SH +4)
You have a small tail.
Your touch may inflict irresistible damage on your foes.


Message History

Aim: a gnoll, wielding a +0 spear (moderately wounded, poisoned) Poisonous vapours surround the gnoll!
The gnoll looks even sicker.
You feel sick.
You are no longer poisoned.
The gnoll hits you from afar with a +0 spear.
You block the gnoll's attack.
You closely miss the gnoll. You tail-slap the gnoll.
You touch the gnoll.
You kill the gnoll!
You barely miss the gnoll.
The gnoll is heavily wounded.
The gnoll hits you with a +1 flail of protection.
You hit the gnoll but do no damage.
The gnoll looks as sick as possible!
You touch the gnoll.
You kill the gnoll!
Items here: )) [ †.
You start resting.
A gnoll comes into view. It is wielding a +0 whip.
The gnoll shouts!
You hit the gnoll.
The gnoll is poisoned.
Your touch misses the gnoll.
The gnoll is moderately wounded.
The gnoll hits you with a +0 whip.
A gnoll comes into view. It is wielding a +0 halberd.
You puncture the gnoll!
You kill the gnoll!
The gnoll closely misses you.
Your Fighting skill increases to level 2!
The gnoll hits you with a +0 halberd!
* * * LOW HITPOINT WARNING * * *
Unknown command.
You closely miss the gnoll.
Your tail-slap misses the gnoll.
The gnoll closely misses you.
Unknown command.
You hit the gnoll but do no damage. Your touch misses the gnoll.
The gnoll misses you.
Unknown command.
You hit the gnoll.
The gnoll is poisoned.
You tail-slap the gnoll, but do no damage.
The gnoll is moderately wounded.
The gnoll hits you with a +0 halberd!
You die...

....###.##.## .
#.#### ##.######
#.......#
##.####.# #
##########.# ##.
#.).....##.#
##...#.#####.##.#
#....)@.####.##.#
#......g#.......#
...........##.####
##.......####.#
#.#.....# #.#
#.#.##..# #.# # ..
.... ..# ##. ####
###


You could see a gnoll (very poisoned).

Vanquished Creatures
  An ogre (D:4)
  A phantom (D:4)
  Jessica (D:2)
  3 gnolls (D:4)
  2 adders
  4 worms
  2 dart slugs
  2 orcs
  6 ball pythons
  3 bats
  6 endoplasms
  A giant cockroach (D:1)
  10 goblins
  3 hobgoblins (D:2)
  3 jackals (D:2)
  6 kobolds
  3 quokkas
  7 frilled lizards
  9 rats
73 creatures vanquished.

Notes
Turn   | Place    | Note
-------+----------+-------------------------------------------
     0 | D:1      | Kirkhe the Demonspawn Venom Mage began the quest for the
                  | Orb.
     0 | D:1      | Reached XP level 1. HP: 13/13 MP: 3/3
   140 | D:1      | Discovered your monstrous ancestry.
   140 | D:1      | Gained mutation: Your touch may inflict minor irresistible
                  | damage on your foes. [demonic ancestry]
   140 | D:1      | Reached XP level 2. HP: 17/19 MP: 0/5
   325 | D:1      | Reached skill level 1 in Transmutations
   792 | D:2      | Found a faded altar of an unknown god.
   911 | D:2      | Noticed Jessica
   919 | D:2      | Killed Jessica
   920 | D:2      | Gained mutation: A meltable shield of frost defends you.
                  | (SH +4) [demonic ancestry]
   920 | D:2      | Reached XP level 3. HP: 12/24 MP: 3/6
  1088 | D:2      | Gained mutation: You have a small tail. [demonic ancestry]
  1088 | D:2      | Reached XP level 4. HP: 31/31 MP: 4/8
  1318 | D:2      | Reached skill level 4 in Poison Magic
  1429 | D:3      | Found a shadowy altar of Dithmenos.
  1453 | D:3      | Learned a level 2 spell: Poisonous Vapours
  1817 | D:3      | Noticed a moth of wrath
  1820 | D:3      | Found a bloodstained altar of Trog.
  2207 | D:4      | Noticed an ogre
  2225 | D:4      | Killed an ogre
  2226 | D:4      | Reached skill level 1 in Fighting
  2226 | D:4      | Gained mutation: Your touch may inflict irresistible damage
                  | on your foes. [demonic ancestry]
  2226 | D:4      | Reached XP level 5. HP: 37/37 MP: 1/9
  2375 | D:4      | Noticed a phantom
  2388 | D:4      | Killed a phantom
  2389 | D:4      | Reached skill level 1 in Shields
  2389 | D:4      | Reached XP level 6. HP: 36/44 MP: 9/11
  2509 | D:4      | Slain by a gnoll

Illustrated notes

Levels and vault maps discovered:
D:1:      spicycebolla_green_bress_n_ham, layout_loops_cross
D:2:      layout_basic, chequers_ecumenical_altar_simple,
          kennysheep_generic_room_5, uniq_jessica
D:3:      layout_rooms, tgw_trog, nicolae_dithmenos_through_a_glass_darkly,
          grunt_ministairs_2
D:4:      layout_loops_corners, nicolae_ashenzari_skybound, lemuel_round_altar,
          mainiacjoe_overflow_alcove_2

Skill      XL: |  1  2  3  4  5  6 |
---------------+-------------------+-----
Dodging        | 2 |  2.0
Transmutations | 1 2 |  2.2
Poison Magic   | 4 |  4.6
Spellcasting   | 3 |  3.4
Fighting       | 1 2 |  2.0
Shields        | 1 |  1.1
Stealth        | |  1.7
Air Magic      | |  0.8

Action                   |  1- 3 |  4- 6 || total
-------------------------+-------+-------++-------
Melee: Dagger            |    19 |       ||    19
       Rapier            |    22 |    85 ||   107
       Touch             |     6 |    12 ||    18
       Tailslap          |       |     6 ||     6
       Punch             |       |     2 ||     2
 Cast: Sting             |    16 |     5 ||    21
       Poisonous Vapours |       |     9 ||     9
  Use: Potion            |     1 |     1 ||     2
       Scroll            |       |     4 ||     4
 Stab: Sleeping          |     1 |     1 ||     2
Armor: Robe              |     3 |    12 ||    15
Dodge: Dodged            |    35 |    70 ||   105
Block: Other             |     3 |    20 ||    23

Table legend: (Time is in decaauts)
 A = Elapsed time spent in this place.
 B = Non-inter-level travel time spent in this place.
 C = Inter-level travel time spent in this place.
 D = Time resting spent in this place.
 E = Time spent auto-exploring this place.
 F = Levels seen in this place.
 G = Mean time per level.
                   A        B        C        D        E       F      G
               +--------+--------+--------+--------+--------+-----+--------+
         Total |   2528 |   2438 |     90 |    133 |   1842 |   4 |  632.0 |
       Dungeon |   2528 |   2438 |     90 |    133 |   1842 |   4 |  632.0 |
               +--------+--------+--------+--------+--------+-----+--------+

Top non-repeatable levels by time:
     D:1: 754 daAuts
     D:3: 719 daAuts
     D:2: 667 daAuts
     D:4: 387 daAuts
